 Dungeon Crawl Stone Soup version 0.30.0-10-gfe55d96785 (webtiles) character file.

Game seed: 6044069120665204646

51 Twinkles the Conjurer (level 3, -1/33 HPs)
             Began as a Naga Reaver on May 14, 2023.
             Slain by a goblin
             ... wielding a +0 dagger
              (4 damage)
             ... on level 2 of the Dungeon.
             The game lasted 00:05:55 (1941 turns).

Twinkles the Conjurer (Naga Reaver)                 Turns: 1941, Time: 00:05:56

Health: -1/33      AC:  2    Str: 14    XL:     3   Next: 83%
Magic:  6/6        EV:  9    Int: 13    God:
Gold:   131        SH:  0    Dex: 11    Spells: 5/6 levels left

rFire   . . .        a - +0 short sword
rCold   . . .        (no shield)
rNeg    . . .        b - +0 leather armour
rPois   +            (no helmet)
rElec   .            (no cloak)
rCorr   .            (no gloves)
SInv    +            (no barding)
Will    .....        (no amulet)
Stlth   +            (no ring)
HPRegen 0.25/turn    (no ring)
MPRegen 0.10/turn

%: no passive effects
@: short of breath, very slow
A: AC +1, large, see invisible, deformed body, poison resistance, slowness 2,
spit poison 1, naga tail 1
a: Spit Poison


You were on level 2 of the Dungeon.
You visited 1 branch of the dungeon, and saw 2 of its levels.

You collected 131 gold pieces.

Inventory:

Hand Weapons
 a - a +0 short sword (weapon)
Armour
 b - a +0 leather armour (worn)
Scrolls
 d - 3 scrolls of identify {unknown}
 e - a scroll of enchant armour {unknown}
 g - a scroll of fog {unknown}
 i - a scroll of poison {unknown}
Potions
 c - a potion of magic {unknown}
 f - 2 potions of curing {unknown}
 h - a potion of heal wounds {unknown}
 j - a potion of attraction {unknown}
 k - a potion of berserk rage {unknown}


   Skills:
 + Level 2.8 Fighting
 - Level 3.0 Short Blades
 + Level 2.2 Dodging
 - Level 2.0 Spellcasting
 + Level 3.6 Conjurations


You had 5 spell levels left.
You knew the following spells:

 Your Spells              Type           Power      Damage    Failure   Level
a - Kiss of Death         Conj/Necr      24%        2d7       16%         1

Your spell library contained the following spells:

 Spells                   Type           Power      Damage    Failure   Level
 Momentum Strike          Conj/Tloc      12%        3d8       24%         2
 Hailstorm                Conj/Ice       6%         3d4       43%         3


Dungeon Overview and Level Annotations

Branches:
Dungeon (2/15) Zot: 9630

Altars:


Innate Abilities, Weirdness & Mutations

Your serpentine skin is tough. (AC +1)
You have supernaturally acute eyesight. (SInv)
Armour fits poorly on your strangely shaped body.
Your system is resistant to poisons. (rPois)
You cover ground very slowly.
You can spit poison.
You have a snake-like lower body.


Message History

The splash of poison hits the hobgoblin.
The hobgoblin is moderately wounded.
The hobgoblin completely misses you.
You closely miss the hobgoblin.
The hobgoblin is moderately wounded.
You hit the hobgoblin.
The hobgoblin is heavily wounded.
The hobgoblin closely misses you.
You hit the hobgoblin but do no damage.
The hobgoblin is heavily wounded.
The hobgoblin completely misses you.
You are too injured to fight recklessly!
You are too injured to fight recklessly!
You are too injured to fight recklessly!
You hit the hobgoblin.
The hobgoblin is almost dead.
The hobgoblin hits you.
You hit the hobgoblin.
You kill the hobgoblin!
The goblin unwields a +0 dagger.
The goblin wields a +0 sling.
The goblin shoots a sling bullet.
The sling bullet hits you.
The goblin shoots a sling bullet.
The sling bullet misses you.
You can't do that yet.
You have got your breath back.
The goblin unwields a +0 sling.
The goblin wields a +0 dagger.
The goblin hits you with a +0 dagger.
* * * LOW HITPOINT WARNING * * *
The goblin unwields a +0 sling.
The goblin wields a +0 dagger.
The goblin hits you with a +0 dagger.
* * * LOW HITPOINT WARNING * * *
You see here a +0 club.
Aiming: Spit Poison (2% risk of failure)
Press: ? - help, Q - select action, (/) - cycle Shift-Dir - straight line, f/p - goblin
Aim: a goblin, wielding a +0 dagger (50% to hit)
The splash of poison hits the goblin!
You kill the goblin!
The goblin hits you with a +0 dagger.
* * * LOW HITPOINT WARNING * * *
The goblin hits you with a +0 dagger.
You die...

##.#...##...<...#..#
#...##...
#..'.._##...###.#..#
######...
#.##....#...#......#
#..
#.##....##.##.#....#
#.
#.##..........######
# #.#########.#.#####
#..)...# ...#.....###
######.#.########...#
# ##..@gg###.#
#..###).##.# ###.##
##.##.## ##...#g
#.....# #..####'
###...# #.##
#...#.##..# #.#
+...'gg'.)# #.##
#...#g##..# #..####'
###...#


You could see 2 goblins.

Vanquished Creatures
  3 ball pythons
  4 endoplasms (D:1)
  2 giant cockroaches
  9 goblins
  5 hobgoblins
  6 kobolds
  A quokka (D:2)
  8 bats
  3 frilled lizards
  4 rats
45 creatures vanquished.

Notes
Turn   | Place    | Note
-------+----------+-------------------------------------------
     0 | D:1      | Twinkles the Naga Reaver began the quest for the Orb.
     0 | D:1      | Reached XP level 1. HP: 19/19 MP: 3/3
   104 | D:1      | HP: 4/19 [kobold/+0 whip (4)]
   203 | D:1      | Reached XP level 2. HP: 11/26 MP: 5/5
   963 | D:1      | Reached XP level 3. HP: 27/33 MP: 6/6
  1139 | D:1      | HP: 10/33 [hobgoblin (3)]
  1746 | D:2      | Found a faded altar of an unknown god.
  1938 | D:2      | HP: 11/33 [goblin/sling bullet (4)]
  1940 | D:2      | HP: 2/33 [goblin/+0 dagger (4)]
  1941 | D:2      | Slain by a goblin

Illustrated notes

Levels and vault maps discovered:
D:1:      saegor_arrival_simple_e, layout_basic
D:2:      cheibrodos_greedy_goblins, layout_basic, basic_ecumenical_altar,
          serial_park_tiny_1, st_stairs_5, serial_bayou_lagoon_b

Skill      XL: |  1  2 |
---------------+-------+-----
Dodging        | 2 |  2.2
Fighting       | |  2.8
Short Blades   | |  3.0
Spellcasting   | |  2.0
Conjurations   | |  3.6

Action                     || total
---------------------------++-------
  Melee: Short sword       ||   203
         Punch             ||     1
Ability: Spit Poison       ||    13
 Armour: Leather armour    ||    55
  Dodge: Dodged            ||   106
